 Dungeon Crawl Stone Soup version 0.29-a0-732-g3d7fbe0af2 (webtiles) character file.

Game seed: 10677797366798314139

0 eooof the Chiller (level 1, -2/13 HPs)
             Began as a Merfolk Ice Elementalist on June 29, 2022.
             Engulfed by a cloud of steam (6 damage)
             ... on level 1 of the Dungeon.
             The game lasted 00:00:32 (68 turns).

eooof the Chiller (Merfolk Ice Elementalist)          Turns: 68, Time: 00:00:33

Health: -2/13      AC:  2    Str:  8    XL:     1   Next: 10%
Magic:  3/3        EV: 15    Int: 14    God:
Gold:   17         SH:  0    Dex: 14    Spells: 3/4 levels left

rFire   . . .      SeeInvis .   (no weapon)
rCold   . . .      Faith    .   (no shield)
rNeg    . . .      Spirit   .   a - +0 robe
rPois   .          Reflect  .   (no helmet)
rElec   .          Harm     .   (no cloak)
rCorr   .          Rampage  .   (no gloves)
Will    .....                   (boots currently unavailable)
Stlth   +++.......              (no amulet)
HPRegen 0.04/turn               (no ring)
MPRegen 0.08/turn               (no ring)

@: very quick
A: nimble swimmer 2, mertail
a: no special abilities


You were on level 1 of the Dungeon.
You visited 1 branch of the dungeon, and saw 1 of its levels.

You collected 17 gold pieces.

Inventory:

Armour
 a - a +0 robe (worn)
Potions
 b - a potion of magic


   Skills:
 + Level 2.7 Dodging
 + Level 2.2 Stealth
 + Level 2.0 Spellcasting
 + Level 4.4 Ice Magic


You had 3 spell levels left.
You knew the following spells:

 Your Spells              Type           Power      Damage    Failure   Level
a - Freeze                Ice            52%        1d7       4%          1

Your spell library contained the following spells:

 Spells                   Type           Power      Damage    Failure   Level
 Frozen Ramparts          Ice            26%        1d4       12%         3
 Ozocubu's Armour         Ice            13%        N/A       12%         3
 Hailstorm                Conj/Ice       7%         3d4       67%         4


Dungeon Overview and Level Annotations

Branches:
Dungeon (1/15)

Altars:


Innate Abilities, Weirdness & Mutations

You are very nimble when in or above water. (Stealth+, EV+, Speed+++)
Your lower body shifts to a powerful aquatic tail in water.


Message History

Found a staircase leading out of the dungeon.
Found 8 gold pieces.
You now have 8 gold pieces.
You open the gate.
A kobold comes into view. It is wielding a +0 dagger.
The kobold shouts!
Found 9 gold pieces.
There is an open gate here.
You closely miss the kobold. The kobold hits you with a +0 dagger.
You hit the kobold.
The kobold is moderately wounded.
The kobold closely misses you.
Casting: Freeze (safe; 4% risk of failure)
Confirm with . or Enter, or press ? or * to list all spells.
Aiming: Freeze (safe; 4% risk of failure)
Press: ? - help, Shift-Dir - straight line, f - kobold
Aim: a kobold, wielding a +0 dagger (moderately wounded)
You freeze the kobold.
You kill the kobold!
You see here a +0 dagger.
You now have 17 gold pieces (gained 9).
Your legs become a tail as you enter the water.
Really swim into that cloud of steam? [Y]es or [N]o only, please.
Really swim into that cloud of steam? [Y]es or [N]o only, please.
Really swim into that cloud of steam?
Really swim into a travel-excluded area?
You are engulfed in a cloud of scalding steam.
Really swim into a travel-excluded area? [Y]es or [N]o only, please.
Really swim into a travel-excluded area? [Y]es or [N]o only, please.
Really swim into a travel-excluded area? [Y]es or [N]o only, please.
Really swim into a travel-excluded area?
Really swim into a travel-excluded area?
You are engulfed in a cloud of scalding steam.
You are engulfed in a cloud of scalding steam.
You die...

##...' #...)'
##...##
##########...##
#..##.......##
#.....#..#.## ###
#....##.#..# ##.
#≈§##≈..##.....#...
#@#≈≈.#......#.#
#§§≈≈..........#
###≈≈.##.....###
#≈..##.....#
#...##.....#
#..######### #..#
####


There were no monsters in sight!

Vanquished Creatures
  A kobold (D:1)
1 creature vanquished.

Notes
Turn   | Place    | Note
-------+----------+-------------------------------------------
     0 | D:1      | eooof the Merfolk Ice Elementalist began the quest for the
                  | Orb.
     0 | D:1      | Reached XP level 1. HP: 13/13 MP: 3/3
    68 | D:1      | Engulfed by a cloud of steam

Illustrated notes

Levels and vault maps discovered:
D:1:      lemuel_arrival_funnel, layout_rooms,
          ebering_ecumenical_altar_abandoned, minmay_misc_feat_diagonals,
          lemuel_another_geyser

Action                   || total
-------------------------++-------
Melee: Unarmed           ||     2
 Cast: Freeze            ||     1
Dodge: Dodged            ||     1

Table legend: (Time is in decaauts)
 A = Elapsed time spent in this place.
 B = Non-inter-level travel time spent in this place.
 C = Inter-level travel time spent in this place.
 D = Time resting spent in this place.
 E = Time spent auto-exploring this place.
 F = Levels seen in this place.
 G = Mean time per level.
                   A        B        C        D        E       F      G
               +--------+--------+--------+--------+--------+-----+--------+
         Total |     62 |     62 |      0 |      0 |      0 |   1 |   62.0 |
       Dungeon |     62 |     62 |      0 |      0 |      0 |   1 |   62.0 |
               +--------+--------+--------+--------+--------+-----+--------+

Top non-repeatable levels by time:
     D:1: 62 daAuts
